Map: Chantier naval orbital

Players

rodent - Winner!

  • Race: Zerg Zerg
  • League: Diamond

Worming

  • Race: Zerg Zerg
  • League: Diamond

VOD

Have the link to the VOD?

Description

Time

  • Played on: Nov. 14, 2015, 3:30 p.m.
  • Length: 17:06
Show
View Real Time Build Order
Export as new Build Order

rodent Zerg - Winner!

Build Orders: Hatch First 

Get SALT Encoding   

  12  0:01  Drone  
  13  0:09  Drone  
  14  0:35  Hatchery  
  13  0:38  Drone  
  14  0:54  Spawning Pool  
  14  0:56  Drone  
  14  1:05  Overlord  
  14  1:17  Drone, Extractor  
  14  1:23  Drone x2  
  16  1:30  Drone  
  17  1:44  Queen, Zergling x2  
  20  1:49  Queen  
  20  1:54  Drone  
  23  1:57  Drone  
  23  2:00  Drone  
  25  2:07  Drone  
  26  2:12  Drone  
  27  2:17  Overlord  
  27  2:24  Metabolic Boost  
  27  2:29  Drone  
  28  2:35  Queen  
  30  2:38  Drone x2  
  32  2:46  Overlord  
  32  2:47  Drone  
  32  2:49  Drone  
  33  2:51  Drone  
  34  2:59  Baneling Nest  
  34  3:01  Zergling x2  
  34  3:02  Drone  
  34  3:05  Drone  
  36  3:06  Drone  
  36  3:09  Drone  
  38  3:20  Drone x4  
  38  3:21  Drone  
  43  3:27  Drone  
  43  3:29  Overlord  
  44  3:46  Roach Warren  
  44  3:48  Evolution Chamber  
  42  3:49  Drone x6  
  42  3:52  Lair  
  48  3:59  Extractor  
  48  4:00  Drone x2  
  48  4:01  Extractor  
  48  4:12  Drone x2  
  48  4:13  Zerg Missile Weapons Level 1  
  50  4:18  Drone x2, Extractor  
  50  4:19  Drone  
  50  4:20  Overlord x2  
  52  4:37  Overlord  
  52  4:38  Overlord  
  52  4:41  Baneling x2  
  52  4:43  Roach  
  52  4:44  Roach x3  
  60  4:46  Roach  
  62  4:53  Roach x3  
  67  5:02  Roach x3  
  67  5:03  Roach  
  75  5:19  Glial Reconstitution  
  75  5:31  Overlord x2  
  75  5:33  Hatchery  
  74  5:36  Roach  
  76  5:46  Roach x4  
  76  5:49  Overlord x4  
  82  5:52  Roach  
  82  5:54  Roach  
  86  6:03  Roach x2  
  88  6:13  Hydralisk Den  
  88  6:16  Roach x4  
  88  6:17  Roach  
  97  6:21  Ravager  
  97  6:22  Ravager x2  
  100  6:25  Drone  
  100  6:27  Drone  
  100  6:30  Ravager  
  103  6:34  Roach x2  
  103  6:35  Roach  
  109  6:41  Roach x2  
  113  6:47  Drone x2  
  113  6:48  Drone x2  
  117  6:59  Zerg Missile Weapons Level 2  
  117  7:14  Roach x7  
  117  7:15  Roach x2  
  135  7:17  Overlord x4  
  135  7:32  Roach x3  
  125  7:39  Overlord x5  
  113  7:49  Roach x3  
  113  7:51  Roach  
  119  7:59  Roach  
  119  8:00  Roach  
  123  8:06  Roach x5  
  123  8:15  Roach x2  
  123  8:16  Roach x2  
  127  8:25  Hydralisk x3  
  129  8:41  Hydralisk  
  129  8:42  Hydralisk x3  
  125  8:56  Hydralisk x2  
  118  9:12  Hydralisk x4  
  118  9:13  Zergling x2  
  118  9:15  Zerg Ground Armor Level 1  
  119  9:18  Zergling x10  
  89  9:39  Spore Crawler  
  89  9:42  Spore Crawler, Extractor  
  89  9:44  Extractor  
  81  9:49  Hydralisk  
  81  9:50  Hydralisk x7  
  97  9:59  Zergling x2  
  98  10:00  Zergling x6  
  79  10:22  Baneling x4  
  79  10:23  Hydralisk x5  
  79  10:26  Baneling  
  79  10:27  Baneling x2  
  83  10:41  Muscular Augments  
  83  10:42  Roach x4  
  91  11:02  Hydralisk  
  91  11:03  Hydralisk x5  
  103  11:06  Zergling x2  
  103  11:07  Zergling x14  
  111  11:30  Roach  
  111  11:31  Roach x4  
  121  11:45  Baneling x3  
  121  11:46  Baneling x14  
  121  11:51  Centrifical Hooks  
  121  11:56  Overseer  
  121  12:02  Zerg Ground Armor Level 2  
  121  12:06  Extractor  
  120  12:13  Overlord x4  
  120  12:18  Hatchery  
  120  12:32  Hydralisk x4  
  120  12:33  Hydralisk  
  111  12:47  Roach x4  
  100  13:14  Roach x10  
  92  13:49  Roach x11  
  92  13:50  Roach  
  116  14:00  Lurker Den  
  112  14:23  Roach  
  108  14:31  Hydralisk x8  
  108  14:33  Hydralisk  
  126  14:49  Hydralisk  
  124  14:53  Hydralisk x3  
  124  14:57  Hydralisk x2  
  134  15:01  Hydralisk  
  136  15:34  Hatchery  
  133  15:41  Hydralisk x6  
  141  15:51  Hydralisk  
  141  15:52  Hydralisk  
  141  15:56  Hydralisk  
  133  16:16  Lurker x8  
Show
View Real Time Build Order
Export as new Build Order

Worming Zerg 

Build Orders: Hatch First 

Get SALT Encoding   

  12  0:01  Drone  
  13  0:12  Overlord  
  13  0:18  Drone  
  14  0:30  Drone x2  
  16  0:36  Drone  
  17  0:52  Hatchery  
  17  0:55  Drone  
  17  1:02  Drone  
  17  1:03  Extractor  
  17  1:17  Drone, Spawning Pool  
  17  1:20  Drone  
  18  1:29  Drone  
  19  1:42  Drone  
  20  1:51  Overlord  
  20  2:05  Drone  
  20  2:07  Zergling x2  
  20  2:08  Queen  
  24  2:09  Queen  
  24  2:11  Zergling x2  
  27  2:18  Metabolic Boost  
  27  2:22  Drone  
  28  2:23  Drone  
  28  2:28  Baneling Nest  
  28  2:33  Drone  
  28  2:34  Drone  
  30  2:55  Drone  
  30  2:56  Drone x3  
  34  2:58  Overlord  
  34  3:11  Drone x2  
  36  3:16  Queen, Overlord  
  38  3:27  Drone x4  
  42  3:31  Hatchery  
  41  3:34  Drone  
  41  3:35  Evolution Chamber  
  41  3:36  Evolution Chamber  
  41  3:37  Drone  
  41  3:39  Drone  
  41  3:41  Drone  
  43  3:49  Drone  
  43  3:50  Drone  
  45  3:57  Extractor  
  45  4:02  Zerg Ground Armor Level 1  
  44  4:04  Zerg Melee Weapons Level 1  
  44  4:10  Overlord  
  44  4:12  Drone x3  
  44  4:13  Zergling x4  
  44  4:14  Zergling x2  
  50  4:21  Drone  
  50  4:23  Drone  
  52  4:24  Overlord  
  52  4:25  Overlord  
  52  4:26  Overlord  
  52  4:36  Zergling x2  
  53  4:42  Drone  
  53  4:43  Drone x5  
  53  4:45  Lair  
  55  5:02  Zergling x2  
  55  5:03  Zergling x10  
  55  5:06  Drone x3  
  64  5:14  Drone  
  64  5:15  Overlord  
  64  5:16  Zergling x6  
  64  5:17  Hatchery  
  67  5:26  Drone  
  67  5:27  Queen  
  70  5:28  Overlord x2  
  70  5:49  Zergling x2  
  70  5:50  Zergling x16  
  73  6:04  Zergling x2  
  73  6:05  Zergling x12  
  78  6:19  Zerg Melee Weapons Level 2, Spire  
  78  6:25  Extractor  
  76  6:26  Drone x3  
  76  6:30  Extractor  
  76  6:31  Extractor x2  
  72  6:42  Zerg Ground Armor Level 2  
  72  6:43  Drone  
  72  6:44  Drone  
  72  6:45  Drone x4  
  72  6:46  Drone x2  
  77  7:07  Zergling x2  
  77  7:08  Zergling x28  
  72  7:41  Infestation Pit  
  66  7:44  Zergling x2  
  66  7:45  Zergling x34  
  60  8:10  Zergling x4  
  60  8:11  Zergling x18  
  67  8:13  Queen  
  67  8:14  Queen  
  70  8:24  Mutalisk  
  70  8:25  Mutalisk x4  
  73  8:38  Mutalisk x3  
  75  8:42  Hive  
  69  8:55  Zergling x2  
  62  8:56  Zergling x24  
  50  9:40  Zergling x4  
  50  9:41  Zergling x20  
  50  9:42  Hatchery  
  49  10:11  Ultralisk Cavern, Drone x2  
  49  10:13  Drone  
  49  10:14  Zergling x10  
  50  10:20  Hatchery  
  52  10:29  Queen x2  
  52  10:31  Zerg Ground Armor Level 3, Zerg Melee Weapons Level 3  
  52  10:32  Adrenal Glands  
  52  10:33  Zergling x4  
  56  10:38  Drone x3  
  56  10:42  Drone  
  60  11:07  Chitinous Plating  
  62  11:11  Drone x9  
  69  11:18  Baneling  
  69  11:19  Baneling x6  
  69  11:22  Ultralisk  
  75  11:37  Ultralisk  
  81  11:47  Ultralisk  
  88  11:54  Drone x3  
  88  11:58  Extractor  
  88  11:59  Drone x3  
  92  12:09  Ultralisk  
  67  12:45  Zergling x2, Ultralisk x2  
  67  12:46  Zergling x12  
  80  13:03  Zergling x2, Ultralisk  
  80  13:04  Zergling x4  
  75  13:19  Zergling x2  
  62  13:33  Zergling x8  
  63  13:48  Mutalisk  
  63  13:49  Mutalisk x4  
  73  14:00  Zergling x2  
  73  14:02  Zergling x2  
  73  14:22  Zergling x2, Ultralisk  
  72  14:46  Ultralisk  
  76  15:11  Mutalisk x2  
  79  15:39  Mutalisk x3  
  84  15:53  Zergling x2  
  69  16:15  Zergling x2  
  69  16:16  Zergling x4  
  54  16:23  Baneling  
  54  16:36  Baneling x3  
  54  16:48  Overlord  
Tags
 
Add a new tag
Caveats
  • Supply blocks, unpowered buildings, or Contaminate may cause inaccurate times.
  • Supply counts are checked every 10 seconds.